 Dungeon Crawl Stone Soup version 0.30.1 (webtiles) character file.

Game seed: 7310504377570700365

5524 croobank the Scholar (level 10, -3/117 HPs)
             Began as a Demonspawn Summoner on July 12, 2023.
             Was an Elder of Sif Muna.
             Slain by a vampire (7 damage)
             ... on level 9 of the Dungeon.
             The game lasted 00:45:18 (10211 turns).

croobank the Scholar (Demonspawn Summoner)         Turns: 10211, Time: 00:45:19

Health: -3/117     AC:  7    Str:  5 (8)  XL:     10   Next: 43%
Magic:  0/19       EV: 14    Int: 19 (20) God:    Sif Muna [****..]
Gold:   646        SH:  4    Dex: 12 (15) Spells: 8/21 levels left

rFire   + . .        a - +2 dagger (venom)
rCold   . . .        (no shield)
rNeg    . . .        k - +0 robe
rPois   .            F - +2 hat
rElec   .            q - +0 cloak
rCorr   .            (no gloves)
SInv    .            z - +0 pair of boots
Will    .....        (no amulet) Stlth
                     e - ring of protection from fire
HPRegen 0.39/turn    (no ring)
MPRegen 0.32/turn

%: guardian spirit
@: berserking, very quick
A: rugged brown scales 1, magic shield, magic regeneration, condensation shield,
weakness stinger 2
a: Renounce Religion, Channel Magic, Forget Spell, Divine Exegesis


You were on level 9 of the Dungeon.
You worshipped Sif Muna.
Sif Muna was greatly pleased with you.
You visited 1 branch of the dungeon, and saw 9 of its levels.

You collected 646 gold pieces.

Inventory:

Hand Weapons
 a - a +2 dagger of venom (weapon)
 b - a +0 sling
 f - a +0 war axe
 j - a +0 short sword
 m - a +1 vampiric dagger
 r - a +0 broad axe
 y - a +0 hand axe of venom
 G - a +0 morningstar
Missiles
 g - 5 atropa-tipped darts (quivered)
 x - 2 boomerangs
Armour
 k - a +0 robe (worn)
 o - a +0 leather armour
 q - a +0 cloak (worn)
 z - a +0 pair of boots (worn)
 B - the +1 robe "Liroxuag" {rElec Int-3 Archmagi}
   (You found it on level 6 of the Dungeon)

   Int:       It affects your intelligence (-3).
   rElec:     It insulates you from electricity.
   Archmagi:  It increases the power of your magical spells.
 F - a +2 hat (worn)
 I - +0 steam dragon scales
Jewellery
 e - a ring of protection from fire (left hand)
Wands
 p - a wand of iceblast (4)
Scrolls
 h - 2 scrolls of teleportation
 u - a scroll of fog
 C - a scroll of immolation
Potions
 d - a potion of magic
 i - 4 potions of brilliance
 l - a potion of ambrosia
 n - 3 potions of invisibility
 t - 2 potions of lignification
 v - a potion of flight
 A - a potion of curing {unknown}
 D - a potion of degeneration
 E - a potion of mutation {unknown}


   Skills:
 + Level 6.3 Fighting
 + Level 6.0 Dodging
 - Level 2.6 Stealth
 + Level 6.0 Spellcasting
 - Level 5.0 Hexes
 + Level 7.5 Summonings
 + Level 3.1 Air Magic
 + Level 8.1 Invocations


You had 8 spell levels left.
You knew the following spells:

 Your Spells              Type           Power      Damage    Failure   Level
a - Summon Small Mammal   Summ           100%       N/A       1%          1
b - Call Imp              Summ           68%        N/A       1%          2
c - Call Canine Familiar  Summ           34%        N/A       1%          3
d - Summon Guardian Gole  Hex/Summ       29%        N/A       2%          3
e - Summon Lightning Spi  Summ/Air       25%        N/A       12%         4

Your spell library contained the following spells:

 Spells                   Type           Power      Damage    Failure   Level


Dungeon Overview and Level Annotations

Branches:
Dungeon (9/15)             Temple (0/1) D:4
   Lair: D:8-11         Orc: D:9-12

Altars:
Ashenzari
Cheibriados
Gozag
Nemelex Xobeh
Okawaru
Ru
Sif Muna
Wu Jian

Annotations:
D:9 1 runed translucent door


Innate Abilities, Weirdness & Mutations

You are partially covered in rugged brown scales. (AC +1, +3% HP)
When hurt, damage is shared between your health and your magic reserves.
You regenerate magic rapidly.
A meltable shield of frost defends you. (SH +4)
You have a tail ending in a sharp stinger.


Message History

Cast which spell? (? or * to list)
Something barely misses your wolf. Something misses your wolf.
Your wolf bites something.
Something hits your wolf. Something misses your wolf.
Your wolf barely misses something.
Your wolf misses something. Something hits your wolf.
Something misses your wolf.
Your wolf bites something but does no damage.
Your wolf misses something. Something misses your wolf.
Something bites your wolf.
Your wolf closely misses something.
Something hits your wolf. Something bites your wolf!
Your wolf dies!
Your wolf's corpse disappears in a puff of smoke!
Aiming: Iceblast
Press: ? - help, Shift-Dir - straight line That beam is likely to hit you.
Continue anyway?
The mass of ice explodes!
The iceblast engulfs you!
* * * LOW HITPOINT WARNING * * *
The iceblast engulfs something!
A red film seems to cover your vision as you go berserk!
You feel yourself moving faster!
You feel mighty!
You hear some strange, mumbled words.
Something tries to affect you, but you resist.
You closely miss something. Your punch misses something. You hit something.
Something hits you!
* * * LOW HITPOINT WARNING * * *
Something bites you but does no damage.
You completely miss something. Something hits you.
* * * LOW HITPOINT WARNING * * *
Something bites you!
* * * LOW HITPOINT WARNING * * *
Something draws strength from your injuries!
You miss something.
Your tail-slap misses something.
You barely miss something. You tail-slap something.
Something completely misses you. Something bites you.
* * * LOW HITPOINT WARNING * * *
Something draws strength from your injuries!
You barely miss something. You tail-slap something!
You block something's attack. Something bites you!
You die...

### ..# #.# #.#
#.# #.# ### ###.#
##JW######<..##
#HeR##.@.#....#
#sDe#.##{####.#
####+###.# #.#
##.###.## #.# #.#
#...####.# #.
#..#...##.#
#...#...#..#.#####
#########..#.....#
#...#####.#


You could see a fire dragon, a wolf spider and a deep elf archer (repels
missiles).

Vanquished Creatures
  A two-headed ogre (D:8)
  A shadow (D:9)
  A yak (D:7)
  A water moccasin (D:6)
  An ice beast (D:7)
  A wolf (D:8)
  A centaur (D:8)
  An ogre (D:4)
  2 bullfrogs (D:7)
  A scorpion (D:7)
  2 hounds
  3 iguanas
  An orc wizard (D:5)
  A gnoll (D:2)
  An adder (D:6)
  A shadow imp (D:7)
  3 orcs
  4 bats
  5 endoplasms
  3 giant cockroaches
  2 hobgoblins (D:3)
  A jackal (D:2)
  A quokka (D:1)
  2 ball pythons
  2 frilled lizards
  3 goblins
  2 kobolds
48 creatures vanquished.

Vanquished Creatures (collateral kills)
  Grum (D:8)
  Menkaure (D:7)
  An ice beast (D:7)
  A wolf (D:8)
  4 bullfrogs
  A hound (D:5)
  A jelly (D:5)
  3 sleepcaps
  2 orc wizards
  6 adders
  5 gnolls
  A white imp (D:6)
  2 worms (D:2)
  A dart slug (D:3)
  13 orcs
  2 endoplasms
  2 giant cockroaches
  4 goblins
  2 hobgoblins (D:3)
  5 jackals (D:2)
  2 quokkas
  2 ball pythons
  4 bats
  5 kobolds
  4 rats
75 creatures vanquished.

Vanquished Creatures (others)
  2 two-headed ogres (D:8)
  5 yaks (D:7)
  2 steam dragons
  A black bear (D:6)
  2 centaurs
  2 gnoll sergeants
  5 killer bees (D:8)
  A sleepcap (D:7)
  2 iguanas
  4 gnolls (D:9)
  A nameless horror (D:5)
27 creatures vanquished.

Grand Total: 150 creatures vanquished

Notes
Turn   | Place    | Note
-------+----------+-------------------------------------------
     0 | D:1      | croobank the Demonspawn Summoner began the quest for the
                  | Orb.
     0 | D:1      | Reached XP level 1. HP: 13/13 MP: 3/3
   559 | D:1      | Found a faded altar of an unknown god.
   561 | D:1      | Prayed at the altar of an unknown god.
   561 | D:1      | Became a worshipper of Sif Muna the Loreminder
   561 | D:1      | Reached * piety under Sif Muna
   654 | D:1      | Gained mutation: You have a small tail. [demonic ancestry]
   654 | D:1      | Reached XP level 2. HP: 20/20 MP: 1/5
   657 | D:1      | Learned a level 2 spell: Call Imp
  1206 | D:2      | Found a sparkling altar of Nemelex Xobeh.
  1351 | D:2      | Reached skill level 1 in Fighting
  1351 | D:2      | Reached skill level 1 in Invocations
  1351 | D:2      | Reached XP level 3. HP: 4/26 MP: 3/6
  1358 | D:2      | Learned a level 3 spell: Call Canine Familiar
  1650 | D:2      | Reached XP level 4. HP: 32/32 MP: 2/7
  1921 | D:2      | Reached ** piety under Sif Muna
  2186 | D:2      | Reached skill level 2 in Invocations
  2628 | D:3      | Gained mutation: You regenerate magic rapidly. [demonic
                  | ancestry]
  2628 | D:3      | Reached XP level 5. HP: 31/38 MP: 2/8
  2632 | D:3      | Learned a level 3 spell: Summon Guardian Golem
  3320 | D:4      | Found a staircase to the Ecumenical Temple.
  3336 | D:4      | Noticed an ogre
  3343 | D:4      | Killed an ogre
  3407 | D:4      | Reached skill level 1 in Hexes
  3407 | D:4      | Reached skill level 3 in Invocations
  3407 | D:4      | Gained mutation: You have a tail ending in a sharp stinger.
                  | [demonic ancestry]
  3407 | D:4      | Reached XP level 6. HP: 44/44 MP: 10/10
  4055 | D:5      | Entered Level 5 of the Dungeon
  4668 | D:5      | Reached *** piety under Sif Muna
  4862 | D:5      | Found a sacrificial altar of Ru.
  5171 | D:5      | Gained mutation: When hurt, damage is shared between your
                  | health and your magic reserves. [demonic ancestry]
  5171 | D:5      | Reached XP level 7. HP: 51/51 MP: 11/11
  5487 | D:6      | Reached skill level 5 in Summonings
  5487 | D:6      | Reached skill level 4 in Invocations
  5736 | D:6      | Identified the +1 robe "Liroxuag" {rElec Int-3 Archmagi}
  6163 | D:6      | Noticed a steam dragon
  6190 | D:6      | Killed a steam dragon
  6191 | D:6      | Gained mutation: A meltable shield of frost defends you.
                  | (SH +4) [demonic ancestry]
  6191 | D:6      | Reached XP level 8. HP: 58/58 MP: 13/13
  6877 | D:6      | Found an opulent altar of Gozag.
  7127 | D:7      | Reached skill level 5 in Invocations
  7138 | D:7      | Noticed Menkaure
  7151 | D:7      | Killed Menkaure
  7287 | D:7      | Found an ornate altar of the Wu Jian Council.
  7292 | D:7      | Found a broken altar of Ashenzari.
  7298 | D:7      | Learned a level 4 spell: Summon Lightning Spire
  7331 | D:7      | Reached skill level 6 in Invocations
  7331 | D:7      | Gained mutation: You are partially covered in rugged brown
                  | scales. (AC +1, +3% HP) [demonic ancestry]
  7331 | D:7      | Reached XP level 9. HP: 47/67 MP: 0/16
  7487 | D:7      | Reached skill level 5 in Spellcasting
  7707 | D:7      | Reached skill level 5 in Dodging
  7764 | D:7      | Reached skill level 5 in Fighting
  7801 | D:7      | Found a snail-covered altar of Cheibriados.
  8463 | D:8      | Noticed a two-headed ogre
  8473 | D:8      | Killed a two-headed ogre
  8474 | D:8      | Reached skill level 5 in Hexes
  8474 | D:8      | Reached skill level 1 in Air Magic
  8474 | D:8      | Reached skill level 7 in Invocations
  8606 | D:8      | Noticed a two-headed ogre
  8623 | D:8      | Killed a two-headed ogre
  8624 | D:8      | Reached XP level 10. HP: 78/78 MP: 15/18
  8664 | D:8      | Found an iron altar of Okawaru.
  9232 | D:8      | Noticed a two-headed ogre
  9239 | D:8      | Noticed Grum
  9246 | D:8      | Killed a two-headed ogre
  9251 | D:8      | Killed Grum
  9252 | D:8      | Reached skill level 8 in Invocations
  9771 | D:9      | Reached **** piety under Sif Muna
 10169 | D:9      | Noticed a wolf spider
 10169 | D:9      | Noticed a fire dragon
 10169 | D:9      | Noticed a deep elf archer
 10170 | D:9      | Found a runed translucent door.
 10172 | D:9      | Noticed a harpy
 10172 | D:9      | Noticed a deep elf zephyrmancer
 10172 | D:9      | Noticed a rakshasa
 10208 | D:9      | HP: 5/117 [something (6)]
 10211 | D:9      | Slain by a vampire

Illustrated notes

Levels and vault maps discovered:
D:1:      dpeg_arrival_rhombus, layout_basic, chequers_ecumenical_altar_twisty,
          chequers_jeans, serial_bayou_pond_a
D:2:      layout_loops_ring, basic_altar, hangedman_decor_lopped,
          minmay_quantized
D:3:      layout_loops_cross
D:4:      layout_loops_cross, temple_fountains
D:5:      layout_basic, nicolae_ru_awakened_eye, serial_aquarium,
          aquarium_bridge_square [aquarium_subvault_bridge,
          aquarium_subvault_wall, aquarium_subvault_wall,
          aquarium_subvault_bridge], aquarium_window_1,
          aquarium_window_corridor_1, aquarium_window_fake, aquarium_view_2e,
          minmay_misc_feat_four_crosses
D:6:      layout_basic, mainiacjoe_overflow_24_doors, mainiacjoe_overflow_swirl
D:7:      layout_basic, nicolae_overflow_crystal_walls,
          nicolae_overflow_hidden_temple, uniq_menkaure
D:8:      layout_cave_pods, old_standard_altar, uniq_grum
D:9:      minmay_gate_of_8, layout_loops_ring, dpeg_oklobed_lair, serial_shops,
          nicolae_shop_mannequins, uniq_joseph

Skill      XL: |  1  2  3  4  5  6  7  8  9 10 |
---------------+-------------------------------+-----
Stealth        | 2 |  2.6
Dodging        | 2 3 4 5 6 |  6.0
Fighting       | 1 2 3 4 5 6 |  6.3
Invocations    | 1 2 3 4 6 7 8 |  8.1
Spellcasting   | 3 4 5 6 |  6.0
Hexes          | 1 3 4 5 |  5.0
Summonings     | 5 6 7 |  7.5
Air Magic      | 2 3 |  3.1

Action                     |  1- 3 |  4- 6 |  7- 9 | 10-12 || total
---------------------------+-------+-------+-------+-------++-------
  Melee: Dagger            |    36 |    80 |    73 |    75 ||   264
         Unarmed           |     5 |       |       |       ||     5
         Punch             |     1 |       |     2 |       ||     3
         Tailslap          |       |     9 |    14 |    10 ||    33
   Cast: Summon Small Mamm |    27 |    12 |     6 |     1 ||    46
         Call Imp          |     8 |    16 |    16 |     2 ||    42
         Call Canine Famil |     3 |    24 |    20 |     9 ||    56
         Summon Guardian G |       |     4 |    21 |     6 ||    31
         Summon Lightning  |       |       |     1 |     4 ||     5
  Evoke: Wand              |       |       |     1 |     1 ||     2
    Use: Scroll            |       |     6 |     4 |     1 ||    11
         Potion            |       |       |     3 |     6 ||     9
   Stab: Sleeping          |     3 |     6 |     2 |       ||    11
         Distracted        |       |       |     2 |       ||     2
 Armour: Robe              |    13 |    27 |    19 |    29 ||    88
         Skin              |       |       |       |     7 ||     7
  Dodge: Dodged            |    34 |    53 |    62 |    40 ||   189
  Block: Other             |       |       |     6 |    11 ||    17
